 Dungeon Crawl Stone Soup version 0.24.0-29-g8ce449bc06 (webtiles) character file.

Game seed: 1944885823669246639, levelgen mode: deterministic

10504 Delamore the Severer (level 11, -39/82 HPs)
             Began as a Hill Orc Fighter on Nov 14, 2019.
             Was a Priest of Qazlal.
             Killed from afar by a fire dragon (50 damage)
             ... with a blast of flame
             ... on level 10 of the Dungeon.
             The game lasted 00:17:09 (10007 turns).

Delamore the Severer (Hill Orc Fighter)            Turns: 10007, Time: 00:17:11

Health: -39/82     AC: 10    Str: 22 (23) XL:     11   Next: 63%
Magic:  11/11      EV: 13    Int:  7 (8)  God:    Qazlal [***...]
Gold:   423        SH: 13    Dex: 14 (15) Spells: 10/10 levels left

rFire    . . .     SeeInvis .   a - +0 war axe
rCold    . . .     Gourm    .   c - +0 shield
rNeg     + + .     Faith    .   z - +0 ring mail of Idealism {-Tele rElec rN++ Regen+}
rPois    +         Spirit   .   p - +0 helmet
rElec    +         Reflect  .   H - +1 cloak
rCorr    +         Harm     .   (no gloves)
MR       .....     NoTele   +   o - +0 pair of boots
Stlth    +.........             (no amulet)
HPRegen  0.63/turn              K - ring of resist corrosion
MPRegen  0.12/turn              B - ring of poison resistance

@: agile, flying
A: no striking features
a: Upheaval, Elemental Force, Renounce Religion


You were on level 10 of the Dungeon.
You worshipped Qazlal.
Qazlal was most pleased with you.
You were not hungry.

You visited 2 branches of the dungeon, and saw 11 of its levels.

You collected 648 gold pieces.
You spent 225 gold pieces at shops.

Inventory:

Hand Weapons
 a - a +0 war axe (weapon)
 q - a +4 long sword of holy wrath
Missiles
 t - a throwing net (quivered)
Armour
 c - a +0 shield (worn)
 i - the +0 scale mail of Thoughtfulness {MR+}
   (You found it on level 6 of the Dungeon)

   It affects your resistance to hostile enchantments.
 o - a +0 pair of boots (worn)
 p - a +0 helmet (worn)
 z - the +0 ring mail of Idealism (worn) {-Tele rElec rN++ Regen+}
   (You found it on level 5 of the Dungeon)

   It insulates you from electricity.
   It greatly protects you from negative energy.
   It prevents most forms of teleportation.
   It increases your rate of regeneration.
 C - the +0 scale mail of Lugonu's Displeasure {rF+}
   (You bought it in a shop on level 5 of the Dungeon)

   It protects you from fire.
 H - a +1 cloak (worn)
Jewellery
 h - an uncursed amulet of magic regeneration
 B - a ring of poison resistance (right hand)
 F - an uncursed ring of fire
 I - an uncursed amulet of harm
 K - a ring of resist corrosion (left hand)
 Q - an uncursed amulet of the gourmand {unknown}
Wands
 E - a wand of acid (3)
 G - a wand of enslavement (5)
 J - a wand of paralysis (11)
 N - a wand of polymorph (8)
Scrolls
 b - a scroll of amnesia {unknown}
 e - 3 scrolls of fear {unknown}
 g - 3 scrolls of teleportation
 j - 2 scrolls of random uselessness {unknown}
 k - 4 scrolls of identify
 r - 3 scrolls of immolation {unknown}
 s - a scroll of magic mapping {unknown}
 x - 2 scrolls of enchant weapon {unknown}
 y - a scroll of blinking {unknown}
 D - 4 scrolls of remove curse
 L - a scroll of enchant armour {unknown}
 S - a scroll of brand weapon {unknown}
Potions
 d - 4 potions of might
 l - 2 potions of mutation {unknown}
 m - 9 potions of curing
 n - 4 potions of flight
 u - a potion of haste {unknown}
 v - a potion of lignification {unknown}
 w - a potion of agility
 A - a potion of degeneration
 M - 2 potions of heal wounds {unknown}
 O - a potion of invisibility {unknown}
 T - 2 potions of magic {unknown}
Miscellaneous
 P - a phial of floods
Comestibles
 f - 20 rations
 R - 8 chunks of flesh


   Skills:
 - Level 3.6 Fighting
 + Level 20.9 Axes
 - Level 3.2 Armour
 - Level 3.2 Shields


You had 10 spell levels left.
You didn't know any spells.
Your spell library contained the following spells:

 Spells                   Type           Power        Failure   Level  Hunger
 Confusing Touch          Hex            #.....       98%         1    ##.....
 Magic Dart               Conj           #...         98%         1    ##.....
 Sandblast                Erth           #.....       98%         1    ##.....
 Blink                    Tloc           N/A          99%         2    ###....
 Call Imp                 Summ           #.......     99%         2    ###....
 Passwall                 Tmut/Erth      #.......     99%         2    ###....
 Slow                     Hex            #.......     99%         2    ###....
 Confuse                  Hex            #.......     100%        3    ####...
 Conjure Flame            Conj/Fire      #.......     100%        3    ####...
 Gell's Gravitas          Tloc           #.........   100%        3    ####...
 Mephitic Cloud           Conj/Pois/Air  #.......     100%        3    ####...
 Stone Arrow              Conj/Erth      #.....       100%        3    ####...
 Petrify                  Tmut/Erth      #.......     100%        4    #####..
 Lee's Rapid Deconstruct  Erth           #.........   100%        5    ######.
 Metabolic Englaciation   Hex/Ice        #.........   100%        5    ######.
 Yara's Violent Unravell  Hex/Tmut       #.........   100%        5    ######.


Dungeon Overview and Level Annotations

Branches:
Dungeon (10/15)            Temple (1/1) D:7            Lair (0/6) D:8
    Orc: D:9-12

Altars:
Hepliaklqana
Kikubaaqudgha
Makhleb
Okawaru
Qazlal
Trog
Uskayaw
Xom
Yredelemnul
The Shining One
Beogh

Shops:
D:5 *[:=   D:9 (

Annotations:
D:9 Harold


Message History

You hold your ground!
You feel very buoyant.
You fly up into the air.
The fire dragon bites you but does no damage.
The fire dragon claws you but does no damage.
The fire dragon tramples you but does no damage.
It was a potion of agility.
You feel agile all of a sudden. You block the fire dragon's attack.
The fire dragon claws you but does no damage.
The fire dragon tramples you.
* * * LOW HITPOINT WARNING * * *
You hold your ground!
It was a potion of degeneration.
There was something very wrong with that liquid.
You feel weakened.
You feel dopey.
You feel clumsy. The fire dragon breathes flames at you.
The blast of flame hits you!!!
Ouch! That really hurt!
You die...

########### ####
#.........###...
######.#####.'.#...
..#...#.....#.#...
#.#.###.#####.+...
#D#.....#...###...
#@☼.#####.#.# ##'#
###.......#.# #.}
#####'##### ##.
#<## ## #..# #
#######.### #####
#.........###....
#.........÷...###
#.........##### #


You could see a fire dragon.

Vanquished Creatures
  The ghost of Teror the Purveyor of Pain, a novice DsNe of Kikubaaqudgha (D:7)
  2 manticores (D:9)
  Joseph (D:9)
  A gargoyle (D:9)
  2 trolls
  2 hippogriffs
  8 yaks
  4 hogs (D:7)
  A wyvern (D:9)
  A hungry ghost (D:7)
  A human (D:7)
  A steam dragon (D:8)
  2 basilisks (D:8)
  Duvessa (D:7)
  2 acid dragons (D:9)
  2 porcupines
  An orc warrior (D:8)
  4 sky beasts (D:9)
  An eye of draining (D:9)
  3 ice beasts
  3 ogres
  4 black bears
  A necrophage (D:10)
  A phantom (D:7)
  A wolf (D:7)
  6 centaurs
  3 crocodiles (D:8)
  2 big kobolds
  6 bullfrogs
  Dowan (D:7)
  4 scorpions
  2 water moccasin zombies
  6 killer bees
  5 howler monkeys
  A crimson imp (D:7)
  A bullfrog zombie (D:7)
  A quasit (D:9)
  5 jellies
  3 orc priests
  A bullfrog skeleton (D:5)
  A centaur skeleton (D:8)
  4 hounds
  2 orc wizards
  3 iguanas
  2 worker ants (D:4)
  A killer bee zombie (D:9)
  A centaur simulacrum (D:7)
  A hound zombie (D:7)
  A howler monkey zombie (D:7)
  A worker ant zombie (D:8)
  9 gnolls
  2 howler monkey skeletons
  9 adders
  A shadow imp (D:9)
  3 white imps (D:7)
  3 worms
  12 leopard geckos
  38 orcs
  4 bats
  6 giant cockroaches
  2 gnoll zombies (D:4)
  6 goblins
  4 hobgoblins
  13 jackals
  13 kobolds
  2 quokkas
  A ball python (D:2)
  7 frilled lizards
  8 rats
258 creatures vanquished.

Vanquished Creatures (others)
  2 fungi (D:8)
2 creatures vanquished.

Grand Total: 260 creatures vanquished

Notes
Turn   | Place    | Note
-------+----------+-------------------------------------------
     0 | D:1      | Delamore the Hill Orc Fighter began the quest for the Orb.
     0 | D:1      | Reached XP level 1. HP: 19/19 MP: 1/1
    54 | D:1      | Reached skill level 3 in Axes
   116 | D:1      | Reached XP level 2. HP: 26/26 MP: 2/2
   174 | D:1      | Reached skill level 4 in Axes
   371 | D:1      | Reached XP level 3. HP: 30/31 MP: 3/3
   760 | D:2      | Reached skill level 5 in Axes
   765 | D:2      | Reached XP level 4. HP: 4/39 MP: 4/4
  1134 | D:2      | Reached skill level 6 in Axes
  2028 | D:2      | Reached XP level 5. HP: 18/45 MP: 5/5
  2355 | D:2      | Reached skill level 7 in Axes
  3364 | D:4      | Noticed an ogre
  3384 | D:4      | Noticed an ogre
  3386 | D:4      | Reached skill level 8 in Axes
  3386 | D:4      | Reached XP level 6. HP: 46/51 MP: 6/6
  3634 | D:4      | Reached skill level 9 in Axes
  3708 | D:4      | Reached XP level 7. HP: 24/57 MP: 7/7
  3996 | D:4      | Reached skill level 10 in Axes
  4344 | D:4      | Found a basalt altar of Yredelemnul.
  4402 | D:5      | Entered Level 5 of the Dungeon
  4402 | D:5      | Found Yskurch's Book Boutique.
  4413 | D:5      | Got a translucent hunting sling
  4414 | D:5      | Identified the +8 hunting sling "Killer Bee's Curse"
                  | {freeze, rPois rF+++ MR-} (You found it on level 5 of the
                  | Dungeon)
  4465 | D:5      | Got a steaming ring mail
  4494 | D:4      | Identified the +0 ring mail of Idealism {-Tele rElec rN++
                  | Regen+} (You found it on level 5 of the Dungeon)
  4575 | D:4      | Reached skill level 11 in Axes
  4686 | D:5      | Reached XP level 8. HP: 51/64 MP: 8/8
  4781 | D:5      | Found Wyit's Antique Armour Boutique.
  4789 | D:5      | Bought a faintly humming scale mail for 225 gold pieces
  4799 | D:5      | Identified the +0 scale mail of Lugonu's Displeasure {rF+}
                  | (You bought it in a shop on level 5 of the Dungeon)
  4866 | D:5      | Found Askom's Assorted Antiques.
  4921 | D:5      | Found Ytufajob's Jewellery Boutique.
  4997 | D:6      | Reached skill level 12 in Axes
  5093 | D:6      | Found a bloodstained altar of Trog.
  5157 | D:6      | Got a steaming scale mail
  5169 | D:6      | Identified the cursed +0 scale mail of Thoughtfulness {MR+}
                  | (You found it on level 6 of the Dungeon)
  5624 | D:6      | Reached skill level 13 in Axes
  6004 | D:7      | Reached XP level 9. HP: 63/70 MP: 9/9
  6049 | D:7      | Found a runed translucent gate.
  6049 | D:7      | Found a runed translucent gate.
  6049 | D:7      | Found a runed translucent gate.
  6051 | D:7      | Reached skill level 14 in Axes
  6151 | D:7      | Noticed Teror's ghost (novice DsNe)
  6213 | D:7      | Found an ancient bone altar of Kikubaaqudgha.
  6226 | D:7      | Found a staircase to the Ecumenical Temple.
  6288 | Temple   | Entered the Ecumenical Temple
  6311 | Temple   | Became a worshipper of Qazlal Stormbringer
  6559 | D:7      | Reached skill level 15 in Axes
  6674 | D:7      | Noticed Duvessa
  6678 | D:7      | Noticed Dowan
  6692 | D:7      | Killed Duvessa
  6704 | D:7      | Killed Dowan
  6738 | D:7      | Reached skill level 16 in Axes
  6998 | D:7      | Killed Teror's ghost
  6998 | D:7      | Reached skill level 17 in Axes
  6998 | D:7      | Reached XP level 10. HP: 67/77 MP: 10/10
  7002 | D:7      | Reached * piety under Qazlal
  7418 | D:7      | Reached skill level 18 in Axes
  7802 | D:8      | Reached ** piety under Qazlal
  8028 | D:8      | Reached skill level 19 in Axes
  8166 | D:8      | Reached XP level 11. HP: 76/82 MP: 11/11
  8201 | D:8      | Found a staircase to the Lair.
  8281 | D:8      | Found a roughly hewn altar of Beogh.
  8455 | D:8      | Found an iron altar of Okawaru.
  8682 | D:9      | Noticed a manticore
  8685 | D:9      | Noticed a manticore
  8712 | D:9      | Killed a manticore
  8712 | D:9      | Reached *** piety under Qazlal
  8712 | D:9      | Reached skill level 20 in Axes
  8720 | D:9      | Killed a manticore
  8725 | D:9      | Noticed Harold
  8958 | D:9      | Noticed Joseph
  8970 | D:9      | Killed Joseph
  9031 | D:9      | Found Awixzoko's Antique Weapon Boutique.
  9643 | D:10     | Entered Level 10 of the Dungeon
  9996 | D:10     | Noticed a fire dragon
 10007 | D:10     | Killed from afar by a fire dragon

Levels and vault maps discovered:
D:1:      minmay_arrival_open_corners, layout_loops_ring
D:2:      layout_basic
D:3:      layout_loops_ring
D:4:      layout_loops_ring, lemuel_zombie_altar_yredelemnul, first_ration,
          due_unseen_surprise
D:5:      layout_rooms, serial_shops, kennysheep_mini_moat,
          nicolae_shop_waterfront, shop, shop
D:6:      layout_gridville, bloody_trog
D:7:      layout_basic, lemuel_doored_altar, minmay_temple_entry_slanted,
          gammafunk_ghost_icy, serial_park_tiny_2, grunt_livestock, uniq_duvessa
D:8:      layout_cave_pools, okawaru_altar_gauntlet_db, minmay_lair_entry_grove,
          special_room [special_room_orc]
D:9:      layout_basic, serial_shops, shop, minivault_28, uniq_joseph,
          uniq_harold
D:10:     layout_roguey, hiddenorc1_lemuel, serial_shops, kennysheep_mini,
          uniq_nergalle
Temple:   regret_index_temple_mists

Skill      XL: |  1  2  3  4  5  6  7  8  9 10 11 |
---------------+----------------------------------+-----
Axes           | 3 4 5 6 8 9 11 13 17 19 20 | 20.9
Fighting       | |  3.6
Armour         | |  3.2
Shields        | |  3.2

Action                   |  1- 3 |  4- 6 |  7- 9 | 10-12 || total
-------------------------+-------+-------+-------+-------++-------
Melee: War axe           |    84 |   101 |   255 |   410 ||   850
       Long sword        |       |    72 |    52 |       ||   124
  Use: Scroll            |       |     1 |     4 |       ||     5
       Potion            |       |       |       |     3 ||     3
  Eat: Chunk             |       |     9 |    12 |     6 ||    27
       Ration            |       |       |       |     1 ||     1
Armor: Scale mail        |    51 |    92 |    22 |       ||   165
       Ring mail         |       |       |   100 |   145 ||   245
Dodge: Dodged            |    35 |    65 |    91 |   105 ||   296
Block: Shield            |    39 |   112 |   171 |   239 ||   561
       Rpst.: Long sword |       |     7 |     6 |       ||    13
